 Dungeon Crawl Stone Soup version 0.30-a0-305-g026cb31310 (webtiles) character file.

Game seed: 17560821606789567514

219842 Flugkiller the Black Belt (level 19, -1/131 HPs)
             Began as an Octopode Air Elementalist on Oct 21, 2022.
             Was the Champion of Cheibriados.
             Slain by a spriggan defender simulacrum (10 damage)
             ... in an ice cave.
             The game lasted 00:49:32 (30798 turns).

Flugkiller the Black Belt (OpAE)                   Turns: 30798, Time: 00:49:33

Health: -1/131     AC: 20    Str: 22    XL:     19   Next: 15%
Magic:  26/32      EV: 40    Int: 51    God:    Cheibriados [******]
Gold:   2686       SH:  0    Dex: 27    Spells: 13/36 levels left

rFire   + + .      SeeInvis .      - Unarmed
rCold   + . .      Faith    .    (shield currently unavailable)
rNeg    + + +      Spirit   .    (helmet currently unavailable)
rPois   ∞          Reflect  .    N - amulet of regeneration
rElec   +          Harm     .    A - +6 ring of intelligence
rCorr   +          Rampage  .    M - ring of positive energy
Will    +++..                    p - ring of protection from cold
Stlth   +++.......               T - ring "Toeb" {rF+ rN++ rCorr Dex-2 Slay+3}
HPRegen 1.21/turn                X - ring of Yxokh {Contam rPois rF+ Will+ Int+6}
MPRegen 0.23/turn                v - +4 ring of evasion
                                 m - ring of willpower
                                 g - ring of wizardry

@: storm-form, flying, studying Earth Magic, very slow
A: cleaving, insubstantial, flying, almost no armour, amphibious, 8 rings,
(camouflage 1), (gelatinous body 1), (nimble swimmer 1), (tentacles)
}: 1/15 runes: serpentine
a: Blinkbolt, End Transformation, Renounce Religion, Bend Time, Temporal
Distortion, Slouch, Step From Time


You were in an ice cave.
You worshipped Cheibriados.
Cheibriados was exalted by your worship.
You were a lightning-filled tempest!
You visited 6 branches of the dungeon, and saw 28 of its levels.
You also visited: Bailey, Gauntlet, Ice Cave and Volcano.

You collected 2968 gold pieces.
You spent 282 gold pieces at shops.

Inventory:

Hand Weapons
 F - a +7 vampiric short sword (melded)
   (You took it off an orc on level 6 of the Dungeon)
Missiles
 L - 2 curare-tipped darts
 U - a throwing net
Armour
 J - a +2 hat (melded)
   (You took it off Gastronok on level 8 of the Dungeon)
Jewellery
 g - a ring of wizardry (on tentacle)
   (You found it on level 5 of the Lair of Beasts)
 m - a ring of willpower (on tentacle)
   (You found it on level 3 of the Snake Pit)
 p - a ring of protection from cold (on tentacle)
   (You found it on level 1 of the Lair of Beasts)
 v - a +4 ring of evasion (on tentacle)
   (You found it in a Gauntlet)
 A - a +6 ring of intelligence (left tentacle)
   (You found it on level 6 of the Dungeon)
 B - an amulet of magic regeneration
   (You took it off a salamander mystic on level 3 of the Snake Pit)
 M - a ring of positive energy (right tentacle)
   (You found it on level 11 of the Dungeon)
 N - an amulet of regeneration (around neck)
   (You found it on level 11 of the Dungeon)
 T - the ring "Toeb" (on tentacle) {rF+ rN++ rCorr Dex-2 Slay+3}
   (You acquired it on level 10 of the Dungeon)

   [ring of resist corrosion]

   Dex:       It affects your dexterity (-2).
   Slay:      It affects your accuracy & damage with ranged weapons and melee
   (+3).
   rF:        It protects you from fire.
   rN:        It greatly protects you from negative energy.
   rCorr:     It protects you from acid and corrosion.
 X - the ring of Yxokh (on tentacle) {Contam rPois rF+ Will+ Int+6}
   (You took it off a centaur on level 3 of the Lair of Beasts)

   [ring of intelligence]

   Int:       It affects your intelligence (+6).
   rF:        It protects you from fire.
   rPois:     It protects you from poison.
   Contam:    It causes magical contamination when unequipped.
   Will:      It increases your willpower.
 Y - a ring of wizardry
   (You found it in a Gauntlet)
Wands
 x - a wand of light (22)
   (You found it on level 7 of the Dungeon)
 I - a wand of iceblast (12)
   (You bought it in a shop on level 8 of the Dungeon)
 K - a wand of charming (22)
   (You took it off Psyche on level 8 of the Dungeon)
 O - a wand of mindburst (14)
   (You found it on level 11 of the Dungeon)
Scrolls
 c - 5 scrolls of magic mapping
 e - 3 scrolls of poison
 f - 3 scrolls of fog
 o - 4 scrolls of immolation
 t - 13 scrolls of teleportation
 u - a scroll of silence
 y - 3 scrolls of summoning
 z - 2 scrolls of blinking
 P - 7 scrolls of vulnerability
 Q - 3 scrolls of fear
 S - a scroll of amnesia
Potions
 a - 2 potions of magic
 b - 3 potions of cancellation
 d - a potion of might
 h - 7 potions of haste
 i - a potion of ambrosia
 j - 4 potions of mutation
 k - 9 potions of attraction
 l - 3 potions of invisibility
 n - 4 potions of resistance
 q - 7 potions of curing
 s - 6 potions of lignification
 w - 5 potions of heal wounds
 E - 15 potions of brilliance
 H - 6 potions of flight
Miscellaneous
 V - a lightning rod (4/4)
   (You found it on level 2 of the Lair of Beasts)


   Skills:
 - Level 11.9 Fighting
 - Level 13.9 Dodging
 - Level 3.0 Stealth
 - Level 5.0 Shields
 - Level 15.7 Unarmed Combat
 - Level 9.4 Spellcasting
 - Level 6.0 Conjurations
 - Level 3.0 Summonings
 - Level 11.2 Transmutations
 - Level 15.0 Air Magic
 + Level 8.9 Invocations


You had 13 spell levels left.
You knew the following spells:

 Your Spells              Type           Power      Damage    Failure   Level
c - Airstrike             Air            54%        2d(8-24)  0%          4
d - Summon Lightning Spi  Summ/Air       86%        N/A       1%          4
e - Lightning Bolt        Conj/Air       46%        1d66      1%          5
f - Storm Form            Tmut/Air       51%        N/A       1%          7
g - Vhi's Electric Charg  Tloc/Air       100%       N/A       1%          3

Your spell library contained the following spells:

 Spells                   Type           Power      Damage    Failure   Level
 Shock                    Conj/Air       100%       1d9       0%          1
 Static Discharge         Conj/Air       100%       2-7/arc   0%          2
 Swiftness                Air            100%       N/A       0%          3
 Apportation              Tloc           48%        N/A       1%          1
 Slow                     Hex            96%        N/A       1%          1
 Sting                    Tmut/Pois      100%       1d8       1%          1
 Summon Small Mammal      Summ           100%       N/A       1%          1
 Blink                    Tloc           48%        N/A       1%          2
 Ensorcelled Hibernation  Hex/Ice        48%        N/A       1%          2
 Poisonous Vapours        Pois/Air       100%       N/A       1%          2
 Scorch                   Fire           48%        2d7       1%          2
 Call Canine Familiar     Summ           53%        N/A       1%          3
 Confusing Touch          Hex            24%        N/A       1%          3
 Dazzling Flash           Conj/Hex       100%       N/A       1%          3
 Gell's Gravitas          Tloc           24%        N/A       1%          3
 Hailstorm                Conj/Ice       53%        3d12      1%          3
 Inner Flame              Hex/Fire       24%        N/A       1%          3
 Lesser Beckoning         Tloc           48%        N/A       1%          3
 Ozocubu's Armour         Ice            24%        N/A       1%          3
 Portal Projectile        Hex/Tloc       48%        N/A       1%          3
 Spider Form              Tmut/Pois      69%        N/A       1%          3
 Summon Guardian Golem    Hex/Summ       39%        N/A       1%          3
 Teleport Other           Tloc           24%        N/A       1%          3
 Vampiric Draining        Necr           24%        2d7       1%          3
 Flame Wave               Conj/Fire      53%        2d13      1%          4
 Ice Form                 Ice/Tmut       69%        N/A       1%          4
 Sticky Flame             Conj/Fire      53%        2d7       1%          4
 Alistair's Intoxication  Tmut/Pois      46%        N/A       1%          5
 Arcjolt                  Conj/Air       46%        1d56      1%          5
 Blade Hands              Tmut           48%        N/A       1%          5
 Silence                  Hex/Air        39%        N/A       1%          5
 Anguish                  Hex/Necr       12%        N/A       3%          4
 Cause Fear               Hex            12%        N/A       3%          4
 Leda's Liquefaction      Hex/Erth       12%        N/A       3%          4
 Manifold Assault         Tloc           24%        N/A       3%          4
 Olgreb's Toxic Radiance  Pois           24%        N/A       3%          4
 Maxwell's Capacitive Co  Air            54%        ∞         4%          8
 Agony                    Necr           24%        N/A       10%         5
 Iron Shot                Conj/Erth      26%        9d6       16%         6
 Summon Cactus Giant      Summ           26%        N/A       16%         6
 Dispersal                Tloc           12%        N/A       45%         6
 Simulacrum               Ice/Necr       12%        N/A       45%         6
 Ozocubu's Refrigeration  Ice            12%        4d10      95%         7
 Discord                  Hex            12%        N/A       100%        8
 Animate Armour           Summ/Erth      Unusable   N/A       N/A         4

Dungeon Overview and Level Annotations

Branches:
Dungeon (15/15) Zot: 38902  Temple (1/1) D:5 Zot: 8848    Lair (5/5) D:8 Zot: 35337
 Shoals (1/4) Lair:3 Zot: 8718   Snake (4/4) Lair:2 Zot: 30665   Slime (0/5) Lair:5
    Orc (2/2) D:9 Zot: 15540     Elf (0/3) Orc:2        Vaults (0/5) D:13
 Depths (0/4) D:15         Bailey (visited)           IceCv (1/1) Zot: 8996
Volcano (visited)         Gauntlet (visited)

Altars:
Ashenzari
Cheibriados
Dithmenos
Elyvilon
Fedhas
Gozag
Hepliaklqana
Kikubaaqudgha
Makhleb
Nemelex Xobeh
Okawaru
Qazlal
Ru
Sif Muna
Trog
Uskayaw
Vehumet
Wu Jian
Xom
Yredelemnul
Zin
The Shining One

Shops:
D:5 [   D:8 *   D:12 (   Orc:1 (   Orc:2 ?([?   Snake:2 [   Snake:3 *

Annotations:
D:5 exclusion: iguana
D:9 exclusion: statue
Lair:2 1 runed translucent door, Quaruhoi's ghost, journeyman TrGl


Innate Abilities, Weirdness & Mutations

You are a lightning-filled tempest!
Your electrical attacks strike out in all directions at once.
You are incredibly evasive.
Your insubstantial body is immune to petrification, constriction, and being set on fire You are flying.
You are immune to poison.
Your armour is entirely melded.
You are incapable of wielding weapons or throwing items.
You cannot wear most types of armour.
You are amphibious.
You can wear up to eight rings at the same time.
((Your skin changes colour to match your surroundings (Stealth+).))
((Your rubbery body absorbs attacks. (AC +1, EV +1)))
((You are camouflaged when in or above water. (Stealth+)))
((You have tentacles for arms and can constrict up to eight enemies at once.))


Message History

You see here an alligator snapping turtle corpse.
Found 3 stones.
HP restored.
You hear the crackling of a melting archway very nearby.
Your transformation is almost over.
A manticore comes into view.
Found a robe.
A manticore is nearby!
A manticore is nearby!
The manticore flicks its tail.
The volley of spikes misses you.
The manticore flicks its tail.
The volley of spikes hits you but does no damage.
Casting: Vhi's Electric Charge (safe; 1% risk of failure)
Confirm with . or Enter, or press ? or * to list all spells.
Charge where?
Press: ? - help, Dir - move target, f - manticore
Aim: a manticore You charge forward with an electric crackle!
A water elemental and a water nymph come into view.
You blast the manticore and electrocute it!!!!
You kill the manticore!
Cheibriados thoroughly appreciates the change of pace.
You hear the steady crackling of a melting archway very nearby.
The water nymph shouts!
You hear a shout! x2
A merfolk impaler comes into view. It is wielding a +4 trident.
The water nymph points at you and mumbles some strange words.
The water rises up and strikes you!
Your transformation has ended.
Your +7 vampiric short sword unmelds from your body.
Your +2 hat unmelds from your body.
You feel a sense of dread.
The water nymph points at you and mumbles some strange words.
The water swirls and strikes you!
You see here a manticore corpse.
The merfolk impaler hits you with a +4 trident!!
The water elemental misses you.
The water nymph points at you and mumbles some strange words.
The water swirls and strikes you!
The merfolk impaler hits you with a +4 trident!
The water elemental barely misses you.
The merfolk impaler hits you with a +4 trident!!
* * * LOW HITPOINT WARNING * * *
Casting: Vhi's Electric Charge (safe; 1% risk of failure)
Confirm with . or Enter, or press ? or * to list all spells.
You fly out of the water as you turn into a lightning-filled tempest!
Your +7 vampiric short sword melds into your body.
Your +2 hat melds into your body.
You feel the dreadful sensation subside.
The merfolk impaler hits you but does no damage.
The water elemental completely misses you.
The water nymph closely misses you. The merfolk impaler closely misses you.
You closely miss the merfolk impaler. You batter the water elemental!!
You blast the water nymph!!!
You kill the water nymph!
Cheibriados appreciates the change of pace.
The merfolk impaler completely misses you.
You batter the water elemental!!
You destroy the water elemental!
Cheibriados thoroughly appreciates the change of pace.
You batter the merfolk impaler!! The merfolk impaler barely misses you.
You blast the merfolk impaler!!!
Lightning courses through the merfolk impaler!
You kill the merfolk impaler!
Cheibriados appreciates the change of pace.
You hear a splash. x2
Things that are here:
a +4 trident; a +0 leather armour
Found a frozen archway.
There is a frozen archway here.
The world spins around you as you enter the gateway.
You enter an ice cave!
Found an ice covered gate leading back out of this place.
There is an ice choked empty arch of ancient stone here.
Casting: Storm Form (dangerous; 1% risk of failure)
Confirm with . or Enter, or press ? or * to list all spells.
Charge where?
Press: ? - help, Dir - move target, f - minotaur simulacrum
Aim: a minotaur simulacrum (dormant)
You charge forward with an electric crackle!
You blast the minotaur simulacrum and electrocute it!!!!
The minotaur simulacrum vaporises!
Cheibriados thoroughly appreciates the change of pace.
You hit the spriggan defender simulacrum.
The helpless minotaur simulacrum fails to defend itself.
You blast the minotaur simulacrum!!!
The spriggan defender simulacrum completely misses you.
The minotaur simulacrum hits you! The minotaur simulacrum freezes you!
You resist. The minotaur simulacrum misses you.
The spriggan defender simulacrum completely misses you.
The spriggan defender simulacrum barely misses you.
The minotaur simulacrum completely misses you.
The minotaur simulacrum gores you. The minotaur simulacrum freezes you!
You resist.
* * * LOW HITPOINT WARNING * * *
The spriggan defender simulacrum completely misses you.
The spriggan defender simulacrum hits you!
* * * LOW HITPOINT WARNING * * *
The spriggan defender simulacrum freezes you!
You resist.
You die...

. ### ...
####.###..#
#.##...Z....#
#..☼○ZvZ.#
#.∩....#☼##
#..#######
###


You could see 2 spriggan defender simulacra and a minotaur simulacrum.

Vanquished Creatures
  Nikola (Snake:3)
  Rupert (D:13)
  The ghost of Riotrumm the Slayer, an adept MiFi of the Shining One (Snake:3)
  Gastronok (D:8)
  Agnes (D:14)
  2 nagarajas (Snake:4)
  Aizul (Snake:4)
  An orc warlord (Orc:2)
  Nessos (D:14)
  A minotaur (Gauntlet)
  Snorg (D:12)
  A merfolk impaler (Shoals:1)
  6 hydras
  5 catoblepae
  2 salamander tyrants
  10 anacondas
  An alligator snapping turtle (Shoals:1)
  A boulder beetle (D:15)
  A two-headed ogre (D:12)
  5 centaur warriors
  2 tengu warriors
  14 naga warriors
  15 death yaks
  7 shock serpents
  12 naga sharpshooters
  3 skeletal warriors
  A soul eater (Gauntlet)
  4 salamander mystics
  7 sea snakes (Snake:4)
  3 wizards
  8 naga ritualists
  A wolf spider zombie (D:15)
  5 orc knights
  2 deep elf pyromancers (Volcano)
  23 ugly things
  A deep elf zephyrmancer (D:15)
  A necromancer (D:15)
  14 mana vipers
  3 orc sorcerers
  A shining eye (shapeshifter) (Gauntlet)
  7 cyclopes
  21 salamanders
  A moth of wrath (shapeshifter) (Gauntlet)
  5 manticores
  5 elephants (Lair:4)
  Maurice (D:10)
  26 naga magi
  2 centaur zombies (D:15)
  A moth of wrath (Gauntlet)
  32 black mambas
  2 water nymphs (Shoals:1)
  2 guardian serpents
  2 merfolk sirens (Shoals:1)
  A torpor snail (Lair:1)
  9 cane toads
  4 molten gargoyles (Volcano)
  7 gargoyles
  An unseen horror (D:13)
  Psyche (D:8)
  9 komodo dragons
  2 efreet
  A rime drake (shapeshifter) (D:14)
  2 rime drakes
  A centaur skeleton (D:15)
  3 kobold demonologists (D:11)
  A meliai (shapeshifter) (D:15)
  4 polar bears
  14 trolls
  Prince Ribbit (D:8)
  2 tarantellas (shapeshifter) (D:14)
  2 hornets
  A merfolk (Shoals:1)
  16 blink frogs
  12 dream sheep
  5 shadows
  3 wraiths
  2 water elementals (Shoals:1)
  2 basilisks
  67 yaks
  5 wyverns
  15 humans (D:13)
  A human (shapeshifter) (D:13)
  A hog (shapeshifter) (Gauntlet)
  5 vampire mosquitoes
  A minotaur simulacrum (IceCv)
  4 redbacks (Gauntlet)
  3 wargs
  42 nagas
  2 acid dragons
  10 water moccasins
  25 orc warriors
  2 ice beasts (D:6)
  8 ogres
  A sky beast (D:7)
  15 centaurs
  6 wolves (Lair:5)
  6 kobold brigands
  3 phantoms
  A necrophage (D:5)
  A gnoll sergeant (D:11)
  10 bullfrogs
  3 scorpions
  3 wights (D:8)
  5 killer bees (D:10)
  An electric eel (Snake:2)
  14 jellies (Lair:5)
  27 orc priests
  5 hounds
  2 iguanas
  26 orc wizards
  4 ogre zombies (D:9)
  Robin (D:2)
  5 adders
  9 gnolls
  4 shadow imps
  A white imp (D:7)
  5 dart slugs
  104 orcs
  14 endoplasms
  9 giant cockroaches
  19 goblins
  3 hobgoblins
  3 jackals (D:4)
  8 quokkas
  6 ball pythons
  6 bats
  5 frilled lizards
  A goblin zombie (D:9)
  A hobgoblin zombie (D:9)
  23 kobolds
  2 orc skeletons (D:9)
  5 orc zombies (D:9)
  A rat (D:3)
  A bush (Lair:4)
944 creatures vanquished.

Vanquished Creatures (collateral kills)
  A hydra (Lair:2)
  A death yak (Lair:3)
  A rime drake (Lair:2)
  A cane toad (Lair:1)
  2 komodo dragons
  22 yaks
  A water moccasin (Lair:1)
  A black bear (Lair:1)
  3 orc warriors
  3 centaurs
  A kobold brigand (D:10)
  2 bullfrogs
  A gnoll sergeant (D:9)
  2 troll zombies (D:9)
  A killer bee (D:11)
  An orc priest (D:9)
  An orc wizard (D:9)
  2 ogre zombies (D:9)
  4 gnolls
  11 orcs
  3 kobolds (D:10)
  2 goblin zombies (D:9)
  A hobgoblin zombie (D:9)
  2 orc skeletons (D:9)
  9 orc zombies (D:9)
79 creatures vanquished.

Vanquished Creatures (others)
  A human (D:13)
  A vampire mosquito (D:13)
  A naga (Snake:1)
  A centaur (D:13)
  An orc zombie (D:9)
  33 fungi
  78 plants
  3 withered plants (Gauntlet)
119 creatures vanquished.

Grand Total: 1142 creatures vanquished

Notes
Turn   | Place    | Note
-------+----------+-------------------------------------------
     0 | D:1      | Flugkiller the Octopode Air Elementalist began the quest
                  | for the Orb.
     0 | D:1      | Reached XP level 1. HP: 11/11 MP: 3/3
   264 | D:1      | Reached XP level 2. HP: 17/17 MP: 1/5
   573 | D:1      | Reached skill level 1 in Fighting
   602 | D:1      | Learned a level 2 spell: Static Discharge
   905 | D:1      | Reached XP level 3. HP: 23/23 MP: 1/6
  1607 | D:2      | Noticed Robin
  1623 | D:2      | Killed Robin
  1624 | D:2      | Reached XP level 4. HP: 28/28 MP: 1/7
  1773 | D:2      | Found a white marble altar of Elyvilon.
  2663 | D:3      | Noticed a scorpion
  2829 | D:3      | Killed a scorpion
  2830 | D:3      | Reached XP level 5. HP: 14/33 MP: 2/9
  3065 | D:3      | Reached skill level 5 in Air Magic
  3065 | D:3      | Reached XP level 6. HP: 38/38 MP: 5/10
  3104 | D:3      | Learned a level 3 spell: Swiftness
  3109 | D:3      | Learned a level 4 spell: Airstrike
  4068 | D:4      | Reached XP level 7. HP: 43/43 MP: 7/12
  4415 | D:5      | Entered Level 5 of the Dungeon
  4532 | D:5      | Found a sparkling altar of Nemelex Xobeh.
  4926 | D:5      | Found Louboem's Armour Boutique.
  5101 | D:5      | Reached skill level 5 in Spellcasting
  5413 | D:5      | Found a staircase to the Ecumenical Temple.
  5418 | Temple   | Entered the Ecumenical Temple
  5806 | D:6      | Reached XP level 8. HP: 38/50 MP: 6/15
  6173 | D:5      | Learned a level 4 spell: Summon Lightning Spire
  6729 | D:7      | Reached skill level 1 in Summonings
  7109 | D:7      | Found a snail-covered altar of Cheibriados.
  7260 | D:7      | Reached XP level 9. HP: 55/55 MP: 9/18
  7886 | D:7      | Became a worshipper of Cheibriados the Contemplative
  7923 | D:8      | Noticed Prince Ribbit
  7923 | D:8      | Found Matsepil's General Store.
  7927 | D:8      | Killed Prince Ribbit
  8025 | D:8      | Bought a scroll of identify for 30 gold pieces
  8025 | D:8      | Bought a wand of iceblast (7) for 252 gold pieces
  8038 | D:8      | Noticed a hornet
  8042 | D:8      | Killed a hornet
  8147 | D:8      | Noticed Psyche
  8567 | D:8      | Found a staircase to the Lair.
  8602 | D:8      | Noticed Gastronok
  8617 | D:8      | Killed Gastronok
  8618 | D:8      | Reached XP level 10. HP: 63/63 MP: 0/22
  8652 | D:8      | Killed Psyche
  8776 | D:8      | Reached skill level 10 in Air Magic
  8845 | D:8      | Reached * piety under Cheibriados
  9091 | D:8      | Reached skill level 5 in Dodging
  9425 | D:8      | You fall into a shaft and drop 1 floor!
  9626 | D:9      | Found a flagged portal.
  9643 | Bailey   | Entered a bailey
  9654 | Bailey   | Reached ** piety under Cheibriados
 10588 | Bailey   | Reached XP level 11. HP: 70/70 MP: 23/23
 10738 | D:9      | Found an iron altar of Okawaru.
 10751 | D:9      | Reached skill level 5 in Fighting
 10757 | D:9      | Reached skill level 1 in Shields
 11035 | D:9      | Reached *** piety under Cheibriados
 11201 | D:9      | Found an opulent altar of Gozag.
 11201 | D:9      | Found a hazy altar of Hepliaklqana.
 11423 | D:9      | Found a staircase to the Orcish Mines.
 11671 | D:9      | Reached **** piety under Cheibriados
 12164 | D:9      | Found a radiant altar of Vehumet.
 12443 | D:10     | Entered Level 10 of the Dungeon
 12445 | D:10     | Noticed Maurice
 12456 | D:10     | Killed Maurice
 12509 | D:10     | Reached XP level 12. HP: 77/77 MP: 15/24
 12630 | D:10     | Identified a scroll of acquirement
 12630 | D:10     | Acquired the ring "Toeb" {rF+ rN++ rCorr Dex-2 Slay+3}
 12683 | D:10     | Learned a level 5 spell: Lightning Bolt
 12809 | D:10     | Found a burning altar of Makhleb.
 12809 | D:10     | Found a broken altar of Ashenzari.
 12817 | D:10     | Found an ornate altar of the Wu Jian Council.
 12819 | D:10     | Found a glowing golden altar of the Shining One.
 12821 | D:10     | Found a faded altar of an unknown god.
 13055 | D:10     | Found a white marble altar of Elyvilon.
 13198 | D:10     | Found a basalt altar of Yredelemnul.
 14147 | D:10     | Found a shadowy altar of Dithmenos.
 14159 | D:10     | Found a shimmering blue altar of Sif Muna.
 14490 | D:11     | Reached skill level 5 in Shields
 14499 | D:11     | Reached ***** piety under Cheibriados
 14805 | D:11     | Found Daleq's Distillery.
 15171 | D:11     | Reached skill level 5 in Conjurations
 15194 | D:11     | HP: 2/77 [troll (14)]
 16016 | D:11     | Noticed a six-headed hydra
 16017 | D:11     | Reached skill level 1 in Transmutations
 16024 | D:11     | Noticed a six-headed hydra
 16161 | D:11     | Noticed a five-headed hydra
 16659 | Lair:1   | Entered Level 1 of the Lair of Beasts
 17205 | Lair:1   | Reached skill level 5 in Transmutations
 17234 | Lair:1   | Reached XP level 13. HP: 62/81 MP: 1/25
 17755 | Lair:1   | Learned a level 7 spell: Storm Form
 18359 | Lair:2   | Found a staircase to the Snake Pit.
 18824 | Lair:2   | Found a runed translucent door.
 18827 | Lair:2   | Noticed Quaruhoi's ghost (journeyman TrGl)
 19332 | Lair:3   | Identified the ring of Yxokh {Contam rPois rF+ Will+ Int+6}
 19558 | Lair:3   | Found a staircase to the Shoals.
 19814 | Lair:3   | Learned a level 3 spell: Vhi's Electric Charge
 19892 | Lair:3   | Reached ****** piety under Cheibriados
 19907 | Lair:3   | Reached skill level 1 in Unarmed Combat
 20453 | Lair:4   | Found a gate leading to a gauntlet.
 20465 | Gauntlet | Entered a Gauntlet
 20465 | Gauntlet | Found a transporter.
 20465 | Gauntlet | Found a transporter.
 20471 | Gauntlet | Found a transporter.
 20472 | Gauntlet | Found a runed translucent door.
 20483 | Gauntlet | Found a transporter.
 20501 | Gauntlet | Found a transporter.
 20501 | Gauntlet | Found a transporter.
 20503 | Gauntlet | Found a transporter.
 20503 | Gauntlet | Found a transporter.
 20518 | Gauntlet | Found a transporter.
 20531 | Gauntlet | Found a runed translucent gate.
 20532 | Gauntlet | Found a transporter.
 20532 | Gauntlet | Found a runed translucent gate.
 20533 | Gauntlet | Found a runed translucent gate.
 20542 | Gauntlet | Found a transporter.
 20545 | Gauntlet | Noticed an entropy weaver
 20548 | Gauntlet | an entropy weaver changed into a hornet
 20556 | Gauntlet | Found a transporter.
 20576 | Gauntlet | Found a transporter.
 20576 | Gauntlet | Found a transporter.
 20635 | Gauntlet | a goliath frog changed into an ice dragon
 20635 | Gauntlet | Noticed an ice dragon (glowing shapeshifter)
 20638 | Gauntlet | an ice dragon changed into an alligator
 20638 | Gauntlet | an alligator changed into a spark wasp
 20638 | Gauntlet | Noticed a spark wasp (glowing shapeshifter)
 20640 | Gauntlet | a spark wasp changed into a jorogumo
 20705 | Gauntlet | Identified the +0 cloak of Watchfulness {*Slow rElec rPois
                  | Str+6}
 20745 | Gauntlet | Noticed a minotaur
 20751 | Gauntlet | Killed a minotaur
 20752 | Gauntlet | Reached skill level 10 in Transmutations
 20936 | Lair:4   | Reached XP level 14. HP: 88/90 MP: 20/26
 20946 | Lair:4   | Reached skill level 5 in Unarmed Combat
 21028 | Lair:4   | Reached skill level 10 in Dodging
 21639 | Lair:5   | Entered Level 5 of the Lair of Beasts
 21669 | Lair:5   | Found a staircase to the Slime Pits.
 22217 | Lair:5   | Reached XP level 15. HP: 86/99 MP: 27/27
 22245 | Lair:5   | Reached skill level 10 in Unarmed Combat
 22999 | D:12     | Found Faotilikk's Weapon Shop.
 23495 | D:12     | Noticed Snorg
 23501 | D:12     | Killed Snorg
 23607 | D:13     | Noticed Rupert
 23617 | D:13     | Killed Rupert
 23816 | D:13     | Found a gate to the Vaults.
 23914 | D:13     | Found a hide-covered altar of Uskayaw.
 24283 | D:14     | Noticed Agnes
 24289 | D:14     | Killed Agnes
 24421 | D:14     | Noticed Nessos
 24425 | D:14     | Killed Nessos
 25028 | D:15     | Entered Level 15 of the Dungeon
 25047 | D:15     | Reached XP level 16. HP: 101/108 MP: 20/28
 25195 | D:15     | Found a staircase to the Depths.
 25263 | D:15     | Reached skill level 10 in Fighting
 25852 | Orc:1    | Entered Level 1 of the Orcish Mines
 25990 | Orc:1    | Found a dark tunnel.
 25999 | Volcano  | Entered a volcano
 26055 | Volcano  | Noticed an orb of fire
 26098 | Volcano  | Reached XP level 17. HP: 116/116 MP: 29/29
 26112 | Volcano  | Noticed an orb of fire
 26336 | Orc:1    | Found Qacuv's Antique Weapon Emporium.
 26562 | Orc:2    | Entered Level 2 of the Orcish Mines
 26574 | Orc:2    | Found a staircase to the Elven Halls.
 26724 | Orc:2    | Reached skill level 15 in Air Magic
 27258 | Orc:2    | Found Ejuckita's Magic Scroll Shoppe.
 27322 | Orc:2    | Found Soewk's Antique Weapon Shop.
 27324 | Orc:2    | Found Ruoz's Antique Armour Boutique.
 27422 | Orc:2    | Found Xunkeuc's Magic Scroll Boutique.
 27543 | Snake:1  | Entered Level 1 of the Snake Pit
 28655 | Snake:2  | Found Wohe's Antique Armour Shoppe.
 28673 | Snake:2  | Reached XP level 18. HP: 124/124 MP: 23/30
 29009 | Snake:3  | Found a transporter.
 29012 | Snake:3  | Found a transporter.
 29012 | Snake:3  | Noticed Riotrumm's ghost (adept MiFi)
 29081 | Snake:3  | Noticed Nikola
 29084 | Snake:3  | Found Keliffou's Gadget Gallery.
 29087 | Snake:3  | Killed Nikola
 29088 | Snake:3  | Reached skill level 15 in Unarmed Combat
 29455 | Snake:3  | Killed Riotrumm's ghost
 29463 | Snake:3  | Got the Omnibus of Nocuous Elsewhere
 29542 | Snake:4  | Entered Level 4 of the Snake Pit
 29583 | Snake:4  | Noticed Aizul
 29594 | Snake:4  | Killed Aizul
 29861 | Snake:4  | Reached skill level 1 in Invocations
 29958 | Snake:4  | Reached skill level 5 in Invocations
 30049 | Snake:4  | Reached XP level 19. HP: 124/131 MP: 24/32
 30126 | Snake:4  | Got a serpentine rune of Zot
 30643 | Shoals:1 | Entered Level 1 of the Shoals
 30789 | Shoals:1 | Found a frozen archway.
 30796 | IceCv    | Entered an ice cave
 30798 | IceCv    | Slain by a spriggan defender simulacrum

Illustrated notes

Levels and vault maps discovered:
D:1:      minmay_arrival_semitransparent, layout_loops_corners
D:2:      layout_loops_ring, basic_altar, uniq_robin
D:3:      layout_basic, grunt_ministairs_12, nicolae_titane
D:4:      layout_basic, minmay_manual_maat
D:5:      layout_loops_ring, lemuel_round_altar,
          minmay_temple_entry_gardened_gates, serial_shops, shop
D:6:      layout_rooms, minivault_14
D:7:      layout_loops_ring, kennysheep_slug_shrine
D:8:      layout_gridville, dpeg_oklobed_lair, serial_shops, shop, uniq_psyche,
          uniq_gastronok, uniq_prince_ribbit1
D:9:      layout_irregular_city, vehumet_statue, okawaru_trees_1,
          gammafunk_temple_overflow_statue, zombieorc2_lemuel, enter_bailey_5,
          lemuel_flamethrower_1
D:10:     layout_stronghold, kennysheep_ying_yang,
          amethyst_overflow_temple_binary, chequers_temple_overflow_minitemple,
          uniq_maurice
D:11:     kennysheep_windowed_halls, layout_stronghold, serial_shops,
          nicolae_shop_advertising_works [nicolae_subvault_shop_adworks]
D:12:     layout_loops_ring, serial_shops, nicolae_stop_n_shop_1, uniq_snorg
D:13:     layout_cave_pools, david_vaults_3, minmay_misc_feat_nine_boxes,
          nicolae_uskayaw_dance_hall
D:14:     layout_roguey, serial_co_window_serial, co_window_corner_a,
          co_window_paths_a, co_window_paths_b, co_window_paths_b,
          co_window_corner_a, co_window_broadway_a, co_window_unsneaky_path_d,
          co_window_corner_b, co_window_sun, co_window_4corner_a,
          glass_columns_b, minmay_misc_feat_plants, minivault_16, uniq_nessos,
          uniq_agnes
D:15:     grunt_enter_depths_magical_seal, layout_irregular_city,
          nicolae_hexahallways
Temple:   nicolae_temple_two_arcs
Lair:1:   layout_chaotic_city
Lair:2:   layout_cave_pods, dummy_snake_entry, hellmonk_ghost_happy_afterlife
Lair:3:   layout_small_grid, minmay_shoals_entry_centaurs,
          infiniplex_staircase_pool_2
Lair:4:   layout_cave_pods, gauntlet_entry_generic, st_stairs_11,
          serial_bayou_shore_b, serial_bayou_shore_a
Lair:5:   evilmike_catoblepas_cave, layout_regular_city,
          minmay_slime_entry_jelly_boxes, chequers_serial_rivers_small_3
Shoals:1: layout_shoals, portal_ice_cave_entry_pillars_three, uniq_roxanne
Snake:1:  layout_grid_maze, grunt_megastairs_5
Snake:2:  layout_cave_town, drop_trap, nicolae_wooded_promenade,
          grunt_megastairs_3
Snake:3:  layout_misc_corridors, gammafunk_ghost_arena, nicolae_shop_gadgets,
          uniq_nikola
Snake:4:  snake_pit, layout_cave_town, serial_bayou_lake_a, uniq_aizul
Orc:1:    nicolae_orc_accident_1, layout_caves, nicolae_volcano_entry_two_sided,
          serial_shops, nicolae_lakefront_shop, minmay_orc_temple_a
Orc:2:    grunt_orc_community_town_hall, layout_caves,
          grunt_orc_community_big_house_1, grunt_orc_community_big_house_2,
          grunt_orc_community_house_1, grunt_orc_community_house_3,
          grunt_orc_community_house_1, grunt_orc_community_house_1,
          grunt_orc_community_house_1, basic_altar,
          nicolae_orc_flooded_monolith, uniq_rupert
IceCv:    ice_cave_caverns_02

Skill      XL: |  1  2  3  4  5  6  7  8  9 10 11 12 13 14 15 16 17 18 19 |
---------------+----------------------------------------------------------+-----
Conjurations   | 2 3 6 |  6.0
Fighting       | 1 2 4 5 6 8 9 10 11 | 11.9
Air Magic      | 4 5 6 8 9 13 14 15 | 15.0
Spellcasting   | 3 5 6 8 9 |  9.4
Stealth        | 3 |  3.0
Summonings     | 3 |  3.0
Dodging        | 4 6 7 8 9 11 12 13 | 13.9
Shields        | 4 5 |  5.0
Transmutations | 6 10 11 | 11.2
Unarmed Combat | 4 9 12 13 14 15 | 15.7
Invocations    | 7 8 |  8.9

Action                   |  1- 3 |  4- 6 |  7- 9 | 10-12 | 13-15 | 16-18 | 19-21 || total
-------------------------+-------+-------+-------+-------+-------+-------+-------++-------
Melee: Unarmed           |    10 |       |       |     7 |   379 |   536 |    44 ||   976
       Tentacles         |     5 |     6 |     7 |     9 |    10 |     3 |       ||    40
       Constrict         |     3 |     6 |     7 |     4 |     4 |     2 |       ||    26
       Rapier            |     3 |    11 |       |       |       |       |       ||    14
       Mace              |       |    15 |    12 |       |       |       |       ||    27
       Punch             |       |     1 |       |       |    19 |    48 |     3 ||    71
       Short sword       |       |       |    13 |    33 |    20 |    11 |       ||    77
 Cast: Shock             |    80 |   133 |   128 |   190 |    29 |       |       ||   560
       Static Discharge  |       |     5 |       |     8 |       |       |       ||    13
       Airstrike         |       |       |    43 |    95 |    19 |       |       ||   157
       Swiftness         |       |       |     2 |       |       |       |       ||     2
       Summon Lightning  |       |       |     3 |    58 |    15 |       |       ||    76
       Lightning Bolt    |       |       |       |    14 |     6 |       |       ||    20
       Storm Form        |       |       |       |       |    48 |    51 |     7 ||   106
       Vhi's Electric Ch |       |       |       |       |    29 |    63 |    11 ||   103
 Abil: Blinkbolt         |       |       |       |       |     1 |       |       ||     1
       End Transformatio |       |       |       |       |     1 |       |       ||     1
Evoke: Wand              |       |     1 |     3 |    13 |       |       |       ||    17
  Use: Scroll            |       |     5 |     9 |     9 |    13 |     4 |     2 ||    42
       Potion            |       |       |       |     3 |     7 |     1 |       ||    11
 Stab: Distracted        |       |       |       |     1 |     1 |       |       ||     2
       Invisible         |       |       |       |     2 |     5 |       |       ||     7
       Petrified         |       |       |       |       |     2 |       |       ||     2
       Petrifying        |       |       |       |       |     1 |       |       ||     1
       Sleeping          |       |       |       |       |     1 |       |     1 ||     2
Armor: Skin              |     5 |     7 |     5 |    12 |    58 |    98 |     4 ||   189
Dodge: Dodged            |    15 |    26 |    22 |   100 |   571 |   891 |    52 ||  1677
Block: Other             |       |       |     1 |    23 |    58 |       |       ||    82
       Buckler           |       |       |       |    20 |     9 |       |       ||    29
       Reflection        |       |       |       |       |     2 |       |       ||     2

Table legend: (Time is in decaauts)
 A = Elapsed time spent in this place.
 B = Non-inter-level travel time spent in this place.
 C = Inter-level travel time spent in this place.
 D = Time resting spent in this place.
 E = Time spent auto-exploring this place.
 F = Levels seen in this place.
 G = Mean time per level.
                   A        B        C        D        E       F      G
               +--------+--------+--------+--------+--------+-----+--------+
         Total |  44256 |  41451 |   2805 |   8147 |  25820 |  32 | 1383.0 |
       Dungeon |  24252 |  22603 |   1649 |   6119 |  12788 |  15 | 1616.8 |
        Temple |    100 |     90 |     10 |      0 |     86 |   1 |  100.0 |
          Lair |   9671 |   9009 |    662 |   1266 |   6543 |   5 | 1934.2 |
        Shoals |    281 |    281 |      0 |      0 |    162 |   1 |  281.0 |
     Snake Pit |   5333 |   4925 |    408 |    142 |   3531 |   4 | 1333.2 |
  Orcish Mines |   2457 |   2382 |     75 |     41 |   1980 |   2 | 1228.5 |
        Bailey |   1097 |   1097 |      0 |    550 |    225 |   1 | 1097.0 |
      Ice Cave |      1 |      1 |      0 |      0 |      0 |   1 |    1.0 |
       Volcano |    468 |    468 |      0 |      0 |    260 |   1 |  468.0 |
      Gauntlet |    591 |    591 |      0 |     27 |    244 |   1 |  591.0 |
               +--------+--------+--------+--------+--------+-----+--------+

Top non-repeatable levels by time:
    D:11: 3512 daAuts
    D:10: 2881 daAuts
     D:9: 2867 daAuts
  Lair:2: 2271 daAuts
  Lair:3: 2030 daAuts
  Lair:1: 1848 daAuts
  Lair:5: 1834 daAuts
     D:8: 1830 daAuts
    D:14: 1746 daAuts
  Lair:4: 1686 daAuts
   Orc:2: 1602 daAuts
 Snake:4: 1504 daAuts
 Snake:1: 1451 daAuts
     D:5: 1354 daAuts
    D:15: 1345 daAuts
